 Dungeon Crawl Stone Soup version 0.23-a0-622-g59b4ea9 (console) character file.

58 bli the Magician (level 4, -14/33 HPs)
             Began as a Barachi Ice Elementalist on Dec 23, 2018.
             Demolished by an orc warrior
             ... wielding a +0 flail
              (17 damage)
             ... on level 3 of the Dungeon.
             The game lasted 00:06:57 (1650 turns).

bli the Magician (Barachi Ice Elementalist)         Turns: 1650, Time: 00:06:57

Health: -14/33     AC:  4    Str: 11    XL:     4   Next: 2%
Magic:  6/9        EV: 12    Int: 15    God:
Gold:   127        SH:  0    Dex: 12    Spells: 9/10 levels left

rFire    . . .     SeeInvis .   a - +2 quarterstaff (protect)
rCold    . . .     Gourm    .   (shield currently unavailable)
rNeg     . . .     Faith    .   h - +0 leather armour
rPois    .         Spirit   .   (no helmet)
rElec    .         Reflect  .   (no cloak)
rCorr    .         Harm     .   g - +0 pair of gloves
MR       .....                  (no boots)
Stlth    ++........             (no amulet)
HPRegen  0.11/turn              (no ring)
MPRegen  0.11/turn              (no ring)

@: slow
A: +LOS, swims, slowness 1, strong legs 1
a: Hop


You were on level 3 of the Dungeon.
You were not hungry.

You visited 1 branch of the dungeon, and saw 3 of its levels.

You collected 127 gold pieces.

Inventory:

Hand Weapons
 a - a +2 quarterstaff of protection (weapon)
 b - a +0 lajatang
 d - a +0 dagger
 m - a +0 short sword
Missiles
 e - 124 stones (quivered)
 o - 4 silver tomahawks
Armour
 g - a +0 pair of gloves (worn)
 h - a +0 leather armour (worn)
 t - a +0 robe
Scrolls
 f - 4 scrolls of remove curse {unknown}
 i - 3 scrolls of teleportation {unknown}
 l - a scroll of enchant armour {unknown}
 p - a scroll of fog {unknown}
 q - a scroll of identify {unknown}
 s - a scroll of blinking {unknown}
Potions
 j - a potion of curing {unknown}
 n - 2 potions of mutation {unknown}
 r - a potion of degeneration {unknown}
 u - a potion of invisibility {unknown}
Comestibles
 c - 4 rations


   Skills:
 * Level 2.0 Fighting
 + Level 0.5 Armour
 + Level 2.1 Dodging
 + Level 1.7 Stealth
 * Level 3.7 Spellcasting
   Level 1.1 Conjurations
 + Level 3.6 Ice Magic


You had 9 spell levels left.
You knew the following spells:

 Your Spells              Type           Power        Failure   Level  Hunger
a - Freeze                Ice            ##..         5%          1    None

Your spell library contained the following spells:

 Spells                   Type           Power        Failure   Level  Hunger
 Throw Frost              Conj/Ice       #.....       14%         2    ##.....
 Ozocubu's Armour         Chrm/Ice       #.......     34%         3    ###....
 Throw Icicle             Conj/Ice       #.......     67%         4    ####...
 Summon Ice Beast         Ice/Summ       #.......     75%         4    ####...


Dungeon Overview and Level Annotations

Branches:
Dungeon (3/15)

Altars:


Innate Abilities, Weirdness & Mutations

Shadows flee at your approach. (+LOS)
You can swim through water.
You cover ground slowly.
You can hop short distances.


Message History

Aim: an orc warrior, wielding a +0 flail and wearing a +0 chain mail You freeze the orc warrior.
The orc warrior is moderately wounded.
The orc warrior hits you with a +0 flail!
You hit the orc warrior but do no damage.
Your weapon exudes an aura of protection.
The orc warrior is moderately wounded.
The orc warrior hits you with a +0 flail.
Casting: Freeze (safe; 5% risk of failure)
Confirm with . or Enter, or press ? or * to list all spells.
Aiming: Freeze (safe; 5% risk of failure)
Press: ? - help, Shift-Dir - straight line, f/p - orc warrior
Aim: an orc warrior, wielding a +0 flail and wearing a +0 chain mail You freeze the orc warrior.
The orc warrior is heavily wounded.
The orc warrior hits you with a +0 flail!
* * * LOW HITPOINT WARNING * * *
The orc warrior hits you with a +0 flail!
Ouch! That really hurt!
You die...

##### #...#
#...#### .......#
.......###########
.......'.....oo..#
.......#########o#
.......# #@##
.####### #..# .#
##.## .# #..# .#
##.## # .. #..# #
.o
####.#############
..o
+.................
...
#####.#####.######
### #..# # ##.# #


You could see an orc warrior.

Vanquished Creatures
  2 dart slugs
  3 leopard geckos
  An orc (D:3)
  9 bats
  2 giant cockroaches
  5 goblins
  7 hobgoblins
  A ball python (D:2)
  9 frilled lizards (D:1)
  5 kobolds
  7 rats
51 creatures vanquished.

Notes
Turn   | Place    | Note
-------+----------+-------------------------------------------
     0 | D:1      | bli the Barachi Ice Elementalist began the quest for the
                  | Orb.
     0 | D:1      | Reached XP level 1. HP: 13/13 MP: 3/3
   143 | D:1      | Reached skill level 1 in Fighting
   158 | D:1      | Reached XP level 2. HP: 11/21 MP: 2/5
   444 | D:1      | Reached XP level 3. HP: 26/26 MP: 5/7
  1424 | D:3      | Reached XP level 4. HP: 26/33 MP: 7/9
  1621 | D:3      | Noticed an orc warrior
  1650 | D:3      | Demolished by an orc warrior

Vault maps used:
D:1:      sevenhm_arrival_forest_fort_large_4, nrook_mini_vaults,
          minmay_lizard_king
D:2:      moated_statue, st_stairs_13
D:3:      lemuel_crystal_altar, gammafunk_ghost_necromancy,
          chequers_ecumenical_altar_simple_redux, grunt_decor_arrowhead

Skill      XL: |  1  2  3 |
---------------+----------+-----
Fighting       | 1 2 |  2.0
Spellcasting   | 3 |  3.7
Armour         | |  0.5
Dodging        | |  2.1
Stealth        | |  1.7
Conjurations   | |  1.1
Ice Magic      | |  3.6

Action                   |  1- 3 |  4- 6 || total
-------------------------+-------+-------++-------
Melee: Dagger            |   113 |       ||   113
       Unarmed           |     1 |       ||     1
       Quarterstaff      |     6 |     6 ||    12
 Cast: Freeze            |    36 |     4 ||    40
 Stab: Sleeping          |     3 |       ||     3
  Eat: Chunk             |     2 |     1 ||     3
Armor: Robe              |     3 |       ||     3
       Leather armour    |    47 |     3 ||    50
Dodge: Dodged            |    87 |     4 ||    91

Table legend:
 A = Non-vault XP
 B = Vault XP
 C = Vault XP percentage of total XP
 D = Non-vault monster count
 E = Vault monster count
 F = Vault count percentage of total count
                 A         B        C        D         E       F
            +---------+---------+-------+---------+---------+-------
      Total |      73 |      11 |  13.1 |      42 |       9 |  17.6
            +---------+---------+-------+---------+---------+-------
        D:1 |      29 |      10 |  25.6 |      17 |       8 |  32.0
        D:2 |      38 |       1 |   2.6 |      22 |       1 |   4.3
        D:3 |       6 |       0 |   0.0 |       3 |       0 |   0.0
            +---------+---------+-------+---------+---------+-------
